 Dungeon Crawl Stone Soup version 0.29.1-1-gd02db6906a (webtiles) character file.

Game seed: 4430029571507724157

1210 112233 the Ducker (level 8, -2/42 (46) HPs)
             Began as an Octopode Hedge Wizard on Oct 11, 2022.
             Was an Initiate of Vehumet.
             Slain by a wight
             ... wielding a +0 hand axe
              (10 damage)
             ... on level 6 of the Dungeon.
             The game lasted 00:11:31 (7566 turns).

112233 the Ducker (Octopode Hedge Wizard)           Turns: 7566, Time: 00:11:31

HP:   -2/42 (46)    AC:  1    Str:  9    XL:     8   Next: 45%
MP:   16/18         EV: 15    Int: 18    God:    Vehumet [......]
Gold: 205           SH:  0    Dex: 12    Spells: 13/21 levels left

rFire   . . .      SeeInvis .   n - +2 dagger (elec)
rCold   . . .      Faith    .   (no shield)
rNeg    . . .      Spirit   .   b - +0 hat
rPois   .          Reflect  .   f - amulet of magic regeneration
rElec   .          Harm     .   (no ring)
rCorr   .          Rampage  .   (no ring)
Will    .....                   (no ring)
Stlth   +++.......              (no ring)
HPRegen 0.14/turn               (no ring)
MPRegen 0.56/turn               (no ring)
                                (no ring)
                                (no ring)

@: on blink cooldown, drained
A: almost no armour, amphibious, 8 rings, camouflage 1, gelatinous body 1,
(nimble swimmer 1), tentacles
a: Renounce Religion


You were on level 6 of the Dungeon.
You worshipped Vehumet.
Vehumet was noncommittal.
You visited 2 branches of the dungeon, and saw 8 of its levels.

You collected 300 gold pieces.
You spent 95 gold pieces at shops.

Inventory:

Hand Weapons
 a - a +0 dagger
 n - a +2 dagger of electrocution (weapon)
Missiles
 u - a throwing net
Armour
 b - a +0 hat (worn)
Jewellery
 f - an amulet of magic regeneration (around mantle)
 s - an amulet of reflection
 x - an amulet of the acrobat
Wands
 o - a wand of quicksilver (1)
Scrolls
 d - 3 scrolls of vulnerability {unknown}
 e - 7 scrolls of identify
 g - 2 scrolls of fear {unknown}
 j - 2 scrolls of fog {unknown}
 k - 2 scrolls of immolation {unknown}
 l - a scroll of blinking
 m - a scroll of silence {unknown}
 p - a scroll of acquirement {unknown}
 r - a scroll of amnesia {unknown}
 y - a scroll of teleportation {unknown}
Potions
 c - a potion of magic
 h - a potion of degeneration
 i - 2 potions of attraction
 q - a potion of brilliance {unknown}
 t - a potion of cancellation {unknown}
 v - a potion of resistance {unknown}
 w - 2 potions of might


   Skills:
 + Level 7.1 Dodging
 - Level 3.0 Stealth
 + Level 7.0 Spellcasting
 - Level 1.1 Conjurations
 - Level 1.2 Summonings
 - Level 1.1 Translocations


You had 13 spell levels left.
You knew the following spells:

 Your Spells              Type           Power      Damage    Failure   Level
a - Magic Dart            Conj           40%        1d5       7%          1
b - Blink                 Tloc           20%        N/A       10%         2
c - Call Imp              Summ           10%        N/A       10%         2
d - Mephitic Cloud        Conj/Pois/Air  7%         N/A       28%         3

Your spell library contained the following spells:

 Spells                   Type           Power      Damage    Failure   Level
 Slow                     Hex            24%        N/A       11%         1
 Sting                    Tmut/Pois      24%        1d4       11%         1
 Conjure Flame            Conj/Fire      8%         6-21      26%         3
 Iskenderun's Mystic Bla  Conj/Tloc      10%        2d4       54%         4
 Summon Ice Beast         Ice/Summ       8%         N/A       63%         4
 Summon Lightning Spire   Summ/Air       8%         N/A       63%         4
 Summon Forest            Summ/Tloc      5%         N/A       88%         5
 Summon Mana Viper        Hex/Summ       8%         N/A       93%         5
 Irradiate                Conj/Tmut      4%         3d13      94%         5
 Monstrous Menagerie      Summ           5%         N/A       100%        7
 Orb of Destruction       Conj           5%         9d5       100%        7
 Disjunction              Tloc           5%         N/A       100%        8


Dungeon Overview and Level Annotations

Branches:
Dungeon (7/15)             Temple (1/1) D:5

Altars:
Ashenzari
Cheibriados
Dithmenos
Gozag
Kikubaaqudgha
Nemelex Xobeh
Okawaru
Ru
Sif Muna
Uskayaw
Vehumet
Wu Jian
Xom
Yredelemnul
Zin
The Shining One

Shops:
D:1 [   D:2 ?[

Annotations:
D:3 Grinder
D:4 Dowan, Duvessa
D:5 1 runed translucent door, OwlCat's ghost, novice SpHu


Innate Abilities, Weirdness & Mutations

You cannot wear most types of armour.
You are amphibious.
You can wear up to eight rings at the same time.
Your skin changes colour to match your surroundings (Stealth+).
Your rubbery body absorbs attacks. (AC +1, EV +1)
((You are camouflaged when in or above water. (Stealth+)))
You have tentacles for arms and can constrict up to eight enemies at once.


Message History

Aim: a centaur zombie (almost destroyed, 100% to hit)
You miscast Magic Dart.
You are very lightly contaminated with residual magic.
Nothing appears to happen.
Unknown command.
You hit the wight. Your grab misses the wight.
The wight is almost destroyed.
The wight hits you with a +0 hand axe!
You feel drained.
You closely miss the wight. Your grab misses the wight.
The wight is almost destroyed.
The wight hits you with a +0 hand axe!
Your crimson imp blinks!
Unknown command.
You hit the wight but do no damage. Your grab misses the wight.
The wight is almost destroyed.
The wight hits you with a +0 hand axe!
* * * LOW HITPOINT WARNING * * *
Unknown command.
The wight hits you with a +0 hand axe.
* * * LOW HITPOINT WARNING * * *
You feel drained.
* * * LOW HITPOINT WARNING * * *
You climb upwards.
There is a stone staircase leading down here.
Casting: Magic Dart (safe; 7% risk of failure)
Confirm with . or Enter, or press ? or * to list all spells.
A beastly little devil appears in a puff of frigid air.
The wight closely misses you.
Your magical contamination has completely faded away.
The wight misses you.
Unknown command.
Casting: Call Imp (safe; 10% risk of failure)
Confirm with . or Enter, or press ? or * to list all spells.
You blink.
Your white imp barely misses the wight.
Unknown command.
You completely miss the wight. Your grab misses the wight.
The wight is almost destroyed.
The wight hits you with a +0 hand axe!
You die...

#.......# #.#.#.### #.#.....#
#.###...# #.#.....# #..<....#
###.#...# ########### #.#...#
#.........# #.#...##
#.@>......# ####### #.##...##
#.z.......# #...... #>.'....#
#..5......# #...... ####.<).#
#.........# #......
#..'....####..>......###......
#.##....#.##.........)..(..).)
#.#.....#.#######'####...#####
#.#.....#...# #.# #...#
#.#.###.#.#.#####.# #รท..#


You could see a wight (ally target) and a friendly white imp (summoned).

Vanquished Creatures
  2 ogres
  2 centaurs (D:5)
  A bullfrog (D:7)
  A scorpion (D:6)
  A wyvern zombie (D:7)
  A jelly (D:5)
  A hound (D:6)
  Jessica (D:2)
  Natasha (D:3)
  2 orc wizards
  A killer bee zombie (D:7)
  4 gnolls (D:6)
  4 adders
  A shadow imp (D:5)
  An ufetubus (D:5)
  A worm (D:2)
  4 dart slugs
  7 orcs
  4 bats (D:1)
  2 endoplasms
  A giant cockroach (D:4)
  4 goblins
  7 hobgoblins
  6 jackals
  A quokka (D:3)
  5 ball pythons
  2 frilled lizards (D:1)
  4 kobolds (D:1)
  3 rats
75 creatures vanquished.

Vanquished Creatures (collateral kills)
  A black bear (D:7)
  2 ogres (D:5)
  A wight (D:7)
  A jelly (D:6)
  5 orcs
10 creatures vanquished.

Vanquished Creatures (others)
  A plant (D:1)
  5 withered plants (D:7)
6 creatures vanquished.

Grand Total: 91 creatures vanquished

Notes
Turn   | Place    | Note
-------+----------+-------------------------------------------
     0 | D:1      | 112233 the Octopode Hedge Wizard began the quest for the
                  | Orb.
     0 | D:1      | Reached XP level 1. HP: 11/11 MP: 4/4
   387 | D:1      | Reached XP level 2. HP: 17/17 MP: 3/6
   422 | D:1      | Found a faded altar of an unknown god.
   747 | D:1      | Got the Guide on Violent Invitation
   879 | D:1      | Found Adenywn's Armour Boutique.
   967 | D:1      | Reached XP level 3. HP: 15/21 MP: 7/7
  1207 | D:2      | Noticed Jessica
  1228 | D:2      | Killed Jessica
  1233 | D:2      | Learned a level 2 spell: Blink
  1236 | D:2      | Learned a level 2 spell: Call Imp
  1506 | D:2      | Identified the +1 robe "Wacery" {Harm rN+}
  1579 | D:2      | Found Icherib's Magic Scroll Shop.
  1588 | D:2      | Bought a scroll of identify for 20 gold pieces
  1588 | D:2      | Bought a scroll of blinking for 75 gold pieces
  1639 | D:2      | Reached XP level 4. HP: 18/27 MP: 1/9
  1798 | D:2      | Found Jiaroa Ahau's Armour Shop.
  2132 | D:3      | Noticed Grinder
  2519 | D:3      | Paralysed by Grinder for 3 turns
  2807 | D:3      | Noticed Natasha
  2815 | D:3      | Killed Natasha
  2816 | D:3      | Reached XP level 5. HP: 16/31 MP: 8/11
  3564 | D:4      | Noticed Duvessa
  3564 | D:4      | Noticed Dowan
  3618 | D:3      | Got the Handbook of Inconstant Dislocation
  3723 | D:5      | Entered Level 5 of the Dungeon
  3723 | D:5      | Noticed an ogre
  3748 | D:4      | Learned a level 3 spell: Mephitic Cloud
  3864 | D:5      | Noticed an ogre
  3940 | D:5      | Noticed an ogre
  3962 | D:5      | Killed an ogre
  3963 | D:5      | Reached XP level 6. HP: 36/36 MP: 11/13
  3990 | D:5      | Reached skill level 5 in Spellcasting
  4901 | D:4      | Reached skill level 5 in Dodging
  4901 | D:4      | Reached XP level 7. HP: 9/41 MP: 11/15
  5326 | D:5      | Found a staircase to the Ecumenical Temple.
  5493 | Temple   | Entered the Ecumenical Temple
  5613 | Temple   | Became a worshipper of Vehumet
  5971 | D:5      | Found a glowing silver altar of Zin.
  5973 | D:5      | Found a sacrificial altar of Ru.
  5973 | D:5      | Found a basalt altar of Yredelemnul.
  5973 | D:5      | Found a shadowy altar of Dithmenos.
  5974 | D:5      | Found an opulent altar of Gozag.
  5975 | D:5      | Found a hide-covered altar of Uskayaw.
  5979 | D:5      | Found a snail-covered altar of Cheibriados.
  6345 | D:5      | Found a runed translucent door.
  6346 | D:5      | Noticed OwlCat's ghost (novice SpHu)
  6456 | D:6      | Reached XP level 8. HP: 41/46 MP: 17/17
  7566 | D:6      | Slain by a wight

Illustrated notes

Levels and vault maps discovered:
D:1:      roderic_crossed_star, layout_rooms, serial_shops,
          nicolae_lakefront_shop, chequers_ecumenical_altar_lobes,
          serial_bayou_lake_a
D:2:      layout_loops_ring, serial_shops, nicolae_lakefront_shop,
          nicolae_shop_hallway_plus, uniq_jessica
D:3:      layout_loops_ring, uniq_crazy_yiuf_cottage, uniq_natasha, uniq_grinder
D:4:      layout_loops_ring, minmay_fractal_squares_5, uniq_duvessa
D:5:      layout_loops_corners, minitemple, minmay_temple_entry_fiery,
          ebering_ghost_sewer_d
D:6:      layout_basic
D:7:      layout_basic, serial_undead, serial_undead_c, serial_undead_b,
          serial_undead_f, serial_undead_c, kennysheep_doodads
Temple:   hellmonk_temple_beads

Skill      XL: |  1  2  3  4  5  6  7  8 |
---------------+-------------------------+-----
Stealth        | 3 |  3.0
Dodging        | 3 4 5 6 7 |  7.1
Spellcasting   | 4 5 6 7 |  7.0
Conjurations   | |  1.1
Summonings     | |  1.2
Translocations | |  1.1

Action                   |  1- 3 |  4- 6 |  7- 9 || total
-------------------------+-------+-------+-------++-------
Melee: Dagger            |    20 |    44 |    35 ||    99
       Constrict         |     7 |    10 |     4 ||    21
       Tentacles         |     4 |     8 |     3 ||    15
 Cast: Magic Dart        |    59 |    69 |    19 ||   147
       Call Imp          |       |    15 |    20 ||    35
       Blink             |       |     4 |     1 ||     5
Evoke: Wand              |       |       |     7 ||     7
  Use: Potion            |       |     4 |     1 ||     5
 Stab: Sleeping          |       |     2 |     3 ||     5
Armor: Skin              |     2 |     3 |     3 ||     8
Dodge: Dodged            |     6 |    61 |    47 ||   114
